 Dungeon Crawl Stone Soup version 0.27.1-34-g3ba077fa99 (webtiles) character file.

Game seed: 4139943210807814550

58 Descartes the Grasshopper (level 4, 0/33 HPs)
             Began as a Formicid Warper on Jan 16, 2022.
             Slain by Terence (7 damage)
             ... on level 2 of the Dungeon.
             The game lasted 00:03:06 (1539 turns).

Descartes the Grasshopper (Formicid Warper)         Turns: 1539, Time: 00:03:06

Health: 0/33       AC: 10    Str: 16    XL:     4   Next: 21%
Magic:  16/16      EV:  9    Int: 13    God:
Gold:   44         SH:  0    Dex: 10    Spells: 7/7 levels left

rFire    . . .     SeeInvis +   a - +0 mace
rCold    . . .     Faith    .   (no shield)
rNeg     . . .     Spirit   .   m - +0 scale mail
rPois    .         Reflect  .   (helmet unavailable)
rElec    .         Harm     .   (no cloak)
rCorr    .         Rampage  .   (no gloves)
Will     .....                  (no boots)
Stlth    ..........             (no amulet)
HPRegen  0.11/turn              g - +4 ring of protection
MPRegen  0.15/turn              j - ring of magical power

@: no status effects
A: permanent stasis, dig shafts and tunnels, antennae 3, four strong arms
a: Dig, Shaft Self


You were on level 2 of the Dungeon.
You visited 1 branch of the dungeon, and saw 2 of its levels.

You collected 44 gold pieces.

Inventory:

Hand Weapons
 a - a +0 mace (weapon)
Missiles
 c - 5 boomerangs of dispersal (quivered)
 i - 7 atropa-tipped darts
 l - 26 stones
Armour
 m - a +0 scale mail (worn)
Magical Staves
 k - a staff of death
Jewellery
 g - a +4 ring of protection (left hand)
 j - a ring of magical power (right hand)
Scrolls
 e - a scroll of noise {unknown}
 f - a scroll of enchant weapon {unknown}
 h - a scroll of blinking {unknown}
Potions
 d - a potion of heal wounds {unknown}


   Skills:
 - Level 2.1 Fighting
 - Level 2.0 Maces & Flails
 - Level 1.0 Throwing
 + Level 2.9 Armour
 - Level 1.7 Dodging
 - Level 2.1 Spellcasting
 + Level 3.6 Translocations


You had 7 spell levels left.
You didn't know any spells.
Your spell library contained the following spells:

 Spells                   Type           Power      Damage    Failure   Level
 Gell's Gravitas          Tloc           5%         N/A       52%         3
 Lesser Beckoning         Tloc           5%         N/A       52%         3
 Teleport Other           Tloc           10%        N/A       52%         3
 Manifold Assault         Tloc           10%        N/A       99%         5
 Blink                    Tloc           Unusable   N/A       N/A         2

Dungeon Overview and Level Annotations

Branches:
Dungeon (2/15)

Altars:
Wu Jian

Shops:
D:1 (

Annotations:
D:2 Terence


Innate Abilities, Weirdness & Mutations

You cannot be hasted, slowed, berserked, paralysed or teleported.
You can dig through walls and to a lower floor.
You have a pair of large antennae on your head. (SInv)
Your four strong arms can wield two-handed weapons with a shield.


Message History

The goblin barely misses you.
You hit Terence but do no damage.
Terence is lightly wounded.
Terence hits you with a +0 mace. The goblin hits you with a +0 whip.
You barely miss Terence.
Terence is lightly wounded.
Terence hits you with a +0 mace. The goblin closely misses you.
Terence hits you but does no damage.
You closely miss Terence.
Terence is lightly wounded.
The goblin hits you but does no damage. Terence hits you with a +0 mace!
You are too injured to fight recklessly!
You are too injured to fight recklessly!
You are too injured to fight recklessly!
You are too injured to fight recklessly!
You are too injured to fight recklessly!
You are too injured to fight recklessly!
You are too injured to fight recklessly!
You are too injured to fight recklessly!
You are too injured to fight recklessly!
You are too injured to fight recklessly!
You are too injured to fight recklessly!
You are too injured to fight recklessly!
You are too injured to fight recklessly!
You are too injured to fight recklessly!
You are too injured to fight recklessly!
You are too injured to fight recklessly!
The goblin hits you with a +0 whip. Terence hits you but does no damage.
You hit the goblin.
You kill the goblin!
Terence closely misses you. Terence hits you with a +0 mace.
* * * LOW HITPOINT WARNING * * *
You see here a +0 whip.
Terence hits you but does no damage. Terence barely misses you.
You hit Terence but do no damage.
Terence is lightly wounded.
Terence hits you but does no damage. Terence hits you with a +0 mace!
You die...

.
...#..#...#.###.###P
# ..###....###..#
##.##.
.............#####.#P
#.#.###..####.......#
{ ##.#.....##
#.######. #.#....).#
.# ## #........# .# #
###.....@..#### .#
.......@.........#
###........######
...........#
####.......#
####.#### #.# #.# #..


You could see Terence.

Vanquished Creatures
  2 worms (D:2)
  4 dart slugs (D:1)
  4 ball pythons
  3 endoplasms (D:1)
  3 giant cockroaches
  6 goblins
  3 hobgoblins
  4 jackals (D:1)
  A kobold (D:2)
  2 quokkas (D:1)
  A bat (D:1)
  4 frilled lizards
  A rat (D:2)
38 creatures vanquished.

Vanquished Creatures (others)
  A fungus (D:2)
1 creature vanquished.

Grand Total: 39 creatures vanquished

Notes
Turn   | Place    | Note
-------+----------+-------------------------------------------
     0 | D:1      | Descartes the Formicid Warper began the quest for the Orb.
     0 | D:1      | Reached XP level 1. HP: 16/16 MP: 3/3
   309 | D:1      | Reached XP level 2. HP: 22/22 MP: 5/5
   313 | D:1      | Reached skill level 3 in Translocations
   493 | D:1      | Reached XP level 3. HP: 21/27 MP: 6/6
   626 | D:1      | Found Vocsyl's Weapon Shop.
  1141 | D:2      | Reached XP level 4. HP: 33/33 MP: 7/7
  1173 | D:2      | Found a faded altar of an unknown god.
  1182 | D:2      | Became a worshipper of the Wu Jian Council
  1182 | D:2      | Reached * piety under Wu Jian
  1187 | D:2      | Fell from the grace of Wu Jian
  1523 | D:2      | Noticed Terence
  1539 | D:2      | Slain by Terence

Illustrated notes

Levels and vault maps discovered:
D:1:      scummos_arrival_checkerplants, layout_rooms, serial_shops,
          nicolae_shop_behind_doors, hangedman_abyss_or_decor_stabs
D:2:      layout_loops_ring, serial_shops, nicolae_shop_stone,
          shapermc_ecumenical_altar_hornbeckon, fountainhead, uniq_terence

Skill      XL: |  1  2 |
---------------+-------+-----
Translocations | 3 |  3.6
Armour         | 2 |  2.9
Fighting       | |  2.1
Maces & Flails | |  2.0
Throwing       | |  1.0
Dodging        | |  1.7
Spellcasting   | |  2.1

Action                   |  1- 3 |  4- 6 || total
-------------------------+-------+-------++-------
Melee: Mace              |    87 |    42 ||   129
Invok: Renounce Religion |       |     1 ||     1
 Abil: Dig               |       |     1 ||     1
Armor: Leather armour    |    43 |       ||    43
       Scale mail        |     3 |    17 ||    20
Dodge: Dodged            |    59 |     8 ||    67
